 Dungeon Crawl Stone Soup version 0.17-a0-1987-gaf5a542 (webtiles) character file.

220 FurryRage the Skirmisher (level 5, 0/42 HPs)
             Began as a Demonspawn Abyssal Knight on Oct 6, 2015.
             Was a Priest of Lugonu.
             Killed by nerve-wracking pain
             ... invoked by Grinder
              (9 damage)
             ... on level 3 of the Dungeon.
             The game lasted 00:10:25 (1957 turns).

FurryRage the Skirmisher (DsAK)                     Turns: 1957, Time: 00:10:25

Health: 0/42       AC:  6    Str: 13    XL:     5   Next: 64%
Magic:  7/7        EV:  9    Int: 13    God:    Lugonu [***...]
Gold:   181        SH:  0    Dex: 13    Spells: 0 memorised, 4 levels left

rFire  . . .     SeeInvis .     f - +1 short sword (speed)
rCold  . . .     Clarity  .     d - +0 scale mail
rNeg   . . .     SustAt   .     (no shield)
rPois  .         Gourm    .     (no helmet)
rElec  .         Spirit   .     (no cloak)
rCorr  .         Warding  .     (no gloves)
rMut   .         Stasis   .     (no boots)
MR     .....                    (no amulet)
Stlth  ..........               (no ring)
                                (no ring)

@: not resistant to hostile enchantments, extremely unstealthy
A: talons 2, demonic guardian 1, evolution 1
a: Depart the Abyss, Bend Space, Banish, Renounce Religion


You were on level 3 of the Dungeon.
You worshipped Lugonu.
Lugonu was most pleased with you.
You were hungry.

You visited 1 branch of the dungeon, and saw 3 of its levels.
You visited the Abyss 1 time.

You collected 181 gold pieces.

Inventory:

Hand Weapons
 a - a +1 falchion
 f - a +1 short sword of speed (weapon)
Armour
 b - a +0 leather armour
 d - a +0 scale mail (worn)
Scrolls
 e - 3 scrolls of remove curse
 k - 3 scrolls of recharging
 o - 2 scrolls of identify {unknown}
 p - a scroll of immolation {unknown}
 r - a scroll of random uselessness {unknown}
 s - a scroll of blinking {unknown}
 t - a scroll of enchant weapon {unknown}
Potions
 g - a potion of haste {unknown}
 h - 4 potions of agility
 j - a potion of curing
 n - a potion of might {unknown}
 u - a potion of mutation {unknown}
Comestibles
 c - 3 bread rations
 i - 2 meat rations
 l - a fruit
 m - a slice of pizza
 q - 3 chunks of flesh


   Skills:
 + Level 4.2 Fighting
 + Level 1.9(2.3) Short Blades
 + Level 2.0(2.3) Long Blades
 + Level 2.9 Armour
 + Level 2.1 Dodging
 + Level 3.2 Invocations


You had 4 spell levels left.
You didn't know any spells.

Dungeon Overview and Level Annotations

Branches:
Dungeon (3/15)

Altars:
Gozag
Ru

Annotations:
D:3 Grinder


Innate Abilities, Weirdness & Mutations

You have razor-sharp toenails.
A weak demonic guardian rushes to your aid.
You evolve.


Message History

You closely miss Grinder. Your kick misses Grinder.
Grinder is moderately wounded.
You hit Grinder but do no damage. You claw Grinder, but do no damage.
Grinder is moderately wounded.
Grinder hits you.
You writhe in agony.
You writhe in agony.
You hit Grinder. You claw Grinder.
Grinder is heavily wounded.
Grinder hits you.
You writhe in agony.
* * * LOW HITPOINT WARNING * * *
You closely miss Grinder. Your kick misses Grinder.
Grinder is heavily wounded.
You hit Grinder. You claw Grinder, but do no damage.
Grinder is severely wounded.
Grinder gestures at you.
You barely resist. You hit Grinder but do no damage.
You claw Grinder, but do no damage.
Grinder is severely wounded.
Grinder gestures at you. Pain shoots through your body!
You die...

#....5...........###..##..##....
#.....................###......#
#...................#.####......
#................##....#####....
##......................###.....
####..)..........#####.#.........
#...<...##.#.#...# #.#.###..†..
#.#####[##.#.5..5#####.#.....†...
. #.)#..#....@...##.##....#... ..
#.##.#..##.##÷....##....####
#.###.#..#.###.###.#......... .
##.....#.##...#.....#.##.....#
#......)..#...####....##.....#
#.....).......# #.(..##.....
###...#.......# ###...# ....
#####.......# #...# ... #####...#
##.##


You could see Grinder and a friendly white imp (paralysed).

Vanquished Creatures
  An orc wizard (D:3)
  Terence (D:2)
  Natasha (thrice) (D:2)
  4 adders
  An ooze (D:1)
  3 worms (D:2)
  A giant gecko (D:1)
  5 orcs (D:3)
  A ball python (D:1)
  A bat (D:2)
  4 giant cockroaches
  4 hobgoblins
  12 jackals
  A quokka (D:3)
  4 giant newts (D:1)
  8 goblins
  13 kobolds
  13 rats
80 creatures vanquished.

Vanquished Creatures (collateral kills)
  An orc (D:3)
1 creature vanquished.

Grand Total: 81 creatures vanquished

Notes
Turn   | Place    | Note
--------------------------------------------------------------
     0 | Abyss:1  | FurryRage the Demonspawn Abyssal Knight began the quest for the Orb.
     0 | Abyss:1  | Reached XP level 1. HP: 18/18 MP: 2/2
    42 | D:1      | Escaped the Abyss
   167 | D:1      | Gained mutation: You have sharp toenails. [demonic ancestry]
   167 | D:1      | Reached XP level 2. HP: 22/24 MP: 4/4
   172 | D:1      | Reached skill level 1 in Dodging
   273 | D:1      | Acquired Lugonu's second power
   498 | D:1      | Reached XP level 3. HP: 26/29 MP: 5/5
   806 | D:2      | Gained mutation: You evolve. [potion of beneficial mutation]
   809 | D:2      | Noticed Natasha
   822 | D:2      | Killed Natasha
   839 | D:2      | Found an opulent altar of Gozag.
   851 | D:2      | Noticed Terence
   866 | D:2      | Killed Terence
   866 | D:2      | Gained mutation: You have razor-sharp toenails. [demonic ancestry]
   866 | D:2      | Reached XP level 4. HP: 18/37 MP: 6/6
   909 | D:2      | Reached skill level 4 in Fighting
  1075 | D:2      | Reached skill level 1 in Short Blades
  1320 | D:2      | Noticed Natasha
  1343 | D:2      | Killed Natasha
  1391 | D:2      | Acquired Lugonu's third power
  1436 | D:2      | Found a sacrificial altar of Ru.
  1501 | D:2      | Gained mutation: A weak demonic guardian rushes to your aid. [demonic ancestry]
  1501 | D:2      | Reached XP level 5. HP: 23/42 MP: 7/7
  1518 | D:2      | Noticed Natasha
  1528 | D:2      | Killed Natasha
  1845 | D:3      | Noticed Grinder
  1957 | D:3      | Killed from afar by Grinder

Vault maps used:
D:1:      dpeg_arrival_arbitrary_c, minmay_rat_gold_closets
D:2:      nicolae_ru_path_of_blood, grunt_gozag_statues, uniq_natasha,
          uniq_terence
D:3:      old_standard_altar, uniq_grinder
Abyss:1:  bh_abyss_exit_grid

Action                   |  1- 3 |  4- 6 || total
-------------------------+-------+-------++-------
Melee: Short sword       |   125 |   221 ||   346
  Use: Scroll            |     4 |       ||     4
       Potion            |     3 |       ||     3
  Eat: Chunk             |       |     3 ||     3
